 Dungeon Crawl Stone Soup version bcrawl-1.17.3 (webtiles) character file.

Game seed: 18005807565153485977

36 Gumption the Sneak (level 3, -1/42 HPs)
             Began as an Oni Archaeologist on Oct 19, 2019.
             Slain by an iguana (8 damage)
             ... on level 2 of the Dungeon.
             The game lasted 00:09:58 (1212 turns).

Gumption the Sneak (Oni Archaeologist)              Turns: 1212, Time: 00:09:58

Health: -1/42      AC: 21    Str: 14    XL:     3   Next: 37%
Magic:  6/6        EV:  2    Int: 16    God:
Gold:   7          SH:  0    Dex:  9    Spells: 3/3 levels left

rFire    . . .     SeeInvis .   a - +0 whip
rCold    . . .     Gourm    .   (no shield)
rNeg     + + +     Faith    .   (armour currently unavailable)
rPois    +         Spirit   .   (helmet currently unavailable)
rElec    .         Reflect  .   (cloak currently unavailable)
rCorr    .         Harm     .   (gloves currently unavailable)
MR       .....     NoTele   +   (boots currently unavailable)
Stlth    ++........             (no amulet)
HPRegen  0.14/turn              (no ring)
MPRegen  0.10/turn              (no ring)

@: tree-form, studying Staves
A: oni magic
a: no special abilities


You were on level 2 of the Dungeon.
You were not hungry.
You were a tree.
You visited 1 branch of the dungeon, and saw 2 of its levels.

You collected 7 gold pieces.

Inventory:

Hand Weapons
 a - a +0 whip (weapon)
 m - a +0 mace
Missiles
 v - 96 stones (quivered)
Armour
 b - a +1 animal skin (melded)
 c - a +1 hat (melded)
 d - a +1 pair of boots (melded)
 r - a +0 ring mail
Jewellery
 o - an uncursed ring of ice {unknown}
Scrolls
 h - a scroll of magic mapping {unknown}
 i - a scroll of blinking {unknown}
 k - 2 scrolls of teleportation {unknown}
 l - a scroll of immolation {unknown}
 n - 2 scrolls of identify {unknown}
 s - a scroll of enchant armour {unknown}
 u - a scroll of remove curse {unknown}
Potions
 j - 2 potions of brilliance {unknown}
 p - a potion of invisibility {unknown}
 q - 2 potions of lignification
Books
 e - a manual of Staves
Miscellaneous
 f - an ancient crate
Comestibles
 g - 4 rations {!d}
 t - a chunk of flesh


   Skills:
 + Level 1.5 Fighting
 - Level 2.1(2.2) Maces & Flails
 * Level 0.4(1.2) Staves
 - Level 2.6 Dodging
 + Level 2.9 Stealth
 * Level 0.9 Spellcasting


You had 3 spell levels left.
You didn't know any spells.
Your spell library contained the following spells:

 Spells                   Type           Power        Failure   Level  Hunger
 Infusion                 Chrm           #.......     16%         1    ##.....


Dungeon Overview and Level Annotations

Branches:
Dungeon (2/12)

Altars:

Annotations:
D:2 Terence


Innate Abilities, Weirdness & Mutations

You learn spells by gaining experience, not through books or religion.
You only train spellcasting to practice magic.
((You have sharp fingernails.))
((You have very sharp teeth.))
((You have a pair of small horns on your head.))


Message History

* * * LOW HITPOINT WARNING * * *
It was a potion of lignification.
You turn into a tree.
Your +1 hat melds into your body.
Your +1 pair of boots melds into your body.
Your +1 animal skin melds into your body.
Your roots penetrate the ground.
The iguana barely misses you.
You hit the iguana.
The iguana is severely wounded.
The iguana bites you.
* * * LOW HITPOINT WARNING * * *
You barely miss the iguana.
The iguana is heavily wounded.
The iguana bites you but does no damage.
You hit the iguana.
The iguana is severely wounded.
The iguana bites you but does no damage.
You closely miss the iguana.
The iguana is severely wounded.
The iguana bites you!
You die...

.#..####.....#.#.#.
................#.
.#.................
#..####.#..##.#.#.
#..# #.#..##.#.#.
#..####.#.....#.#.
#..........##.#.#.
#.#####.#..##.#.#.
#♣# #.#^......## #l#
#.#..##.#.# [.#
###.#.....#.##
............<......
##..#####.#.....#.#.
...# #.#..##.#.#.
...# # #..####.#.
....# #<........
..........


You could see an iguana.

Vanquished Creatures
  2 oozes (D:2)
  A dart slug (D:1)
  2 leopard geckos (D:1)
  A bat (D:1)
  A goblin (D:1)
  2 hobgoblins (D:1)
  4 jackals (D:1)
  4 frilled lizards (D:1)
  A kobold (D:1)
  6 rats
24 creatures vanquished.

Notes
Turn   | Place    | Note
-------+----------+-------------------------------------------
     0 | D:1      | Gumption the Oni Archaeologist began the quest for the Orb.
     0 | D:1      | Reached XP level 1. HP: 16/16 MP: 3/3
   117 | D:1      | Reached XP level 2. HP: 15/23 MP: 4/4
   947 | D:2      | Reached XP level 3. HP: 28/28 MP: 6/6
  1009 | D:2      | Noticed Terence
  1212 | D:2      | Slain by an iguana

Skill      XL: |  1  2 |
---------------+-------+-----
Maces & Flails | 2 |  2.1
Fighting       | |  1.5
Staves         | |  0.4
Dodging        | |  2.6
Stealth        | |  2.9
Spellcasting   | |  0.9

Action                   || total
-------------------------++-------
Melee: Whip              ||    91
       Headbutt          ||    12
       Bite              ||     4
Throw: Stone             ||    10
  Use: Potion            ||     1
  Eat: Chunk             ||     1
Armor: Animal skin       ||    30
       Skin              ||     2
Dodge: Dodged            ||    41
